 Dungeon Crawl Stone Soup version 0.22.0-60-ga52c2fc (webtiles) character file.

43 Starchild the Vexing (level 3, 0/20 HPs)
             Began as a Kobold Arcane Marksman on Sept 9, 2018.
             Slain by an adder (2 damage)
             ... on level 2 of the Dungeon.
             The game lasted 00:05:42 (1472 turns).

Starchild the Vexing (Kobold Arcane Marksman)       Turns: 1472, Time: 00:05:42

Health: 0/20       AC:  5    Str:  7    XL:     3   Next: 82%
Magic:  1/4        EV: 15    Int: 15    God:
Gold:   45         SH:  0    Dex: 15    Spells: 1/4 levels left

rFire    . . .     SeeInvis .   a - +0 hand crossbow
rCold    . . .     Gourm    .   (shield restricted)
rNeg     . . .     Faith    .   e - +0 robe
rPois    .         Spirit   .   (no helmet)
rElec    .         Reflect  .   g - +0 cloak
rCorr    .         Harm     .   (no gloves)
MR       +....                  r - +1 pair of boots
Stlth    +.........             (no amulet)
HPRegen  0.06/turn              h - ring of protection from magic
MPRegen  0.09/turn              (no ring)

@: lethally poisoned (0 -> -5)
A: small, carnivore
a: no special abilities


You were on level 2 of the Dungeon.
You were not hungry.

You visited 1 branch of the dungeon, and saw 2 of its levels.

You collected 45 gold pieces.

Inventory:

Hand Weapons
 a - a +0 hand crossbow (weapon)
 j - a +0 dagger
Missiles
 d - a bolt (quivered)
 s - 37 stones
Armour
 e - a +0 robe (worn)
 g - a +0 cloak (worn)
 r - a +1 pair of boots (worn)
Jewellery
 h - a ring of protection from magic (left hand)
 i - an uncursed ring of fire
Scrolls
 b - 4 scrolls of identify {unknown}
 l - a scroll of immolation {unknown}
 n - 5 scrolls of teleportation {unknown}
 o - a scroll of remove curse {unknown}
 q - a scroll of random uselessness {unknown}
Potions
 c - 2 potions of haste {unknown}
 k - a potion of agility {unknown}
 m - a potion of curing {unknown}
 p - 2 potions of heal wounds {unknown}
 t - a potion of degeneration {unknown}
Comestibles
 f - 4 rations


   Skills:
 - Level 1.1 Fighting
 + Level 3.1 Crossbows
 - Level 2.4 Dodging
 - Level 1.1 Spellcasting
 + Level 4.1 Hexes


You had one spell level left.
You knew the following spells:

 Your Spells              Type           Power        Failure   Level  Hunger
a - Corona                Hex            ##.....      4%          1    ##.....
b - Slow                  Hex            ##......     7%          2    ###....

Your spell library contained the following spells:

 Spells                   Type           Power        Failure   Level  Hunger
 Inner Flame              Hex/Fire       #.......     30%         3    ####...
 Portal Projectile        Hex/Tloc       #.....       30%         3    ####...
 Cause Fear               Hex            ##........   41%         4    #####..
 Leda's Liquefaction      Hex/Erth       #.........   71%         4    #####..


Dungeon Overview and Level Annotations

Branches:
Dungeon (2/15)

Altars:
Uskayaw


Innate Abilities, Weirdness & Mutations

You are small and have problems with some larger weapons.
You are carnivorous and can eat meat at any time.


Message History

Press: ? - help, Shift-Dir - straight line, f/p - adder
Aim: an adder (severely wounded, slow)
You shoot a bolt. The bolt barely misses the adder.
You feel sick. The adder barely misses you. x2
Firing (i - inventory. (/) - cycle)
d - 4 bolts (quivered)
Press: ? - help, Shift-Dir - straight line, f/p - adder
Aim: an adder (severely wounded, slow)
You shoot a bolt. The bolt misses the adder.
The adder barely misses you.
Firing (i - inventory. (/) - cycle)
d - 3 bolts (quivered)
Press: ? - help, Shift-Dir - straight line, f/p - adder
Aim: an adder (severely wounded, slow)
You shoot a bolt. The bolt misses the adder.
The adder bites you.
* * * LOW HITPOINT WARNING * * *
Firing (i - inventory. (/) - cycle)
d - 2 bolts (quivered)
Press: ? - help, Shift-Dir - straight line, f/p - adder
Aim: an adder (severely wounded, slow)
You shoot a bolt. The bolt barely misses the adder.
* * * LOW HITPOINT WARNING * * *
You feel sick. The adder bites you.
You die...

#....)........###.#.......#..#
#.#.....########..#.......#..#
#.....# #.....##.....##..#
####.....#####.#.#.####.####..#
.........'.....#.............†#
####.....#######.#####.##......
#.....#...........#.#######.
#...).#.######..#.#.#.......
#.....# #(S@.)..#.#.#.######
#.....# #(####.##.#.#.#
#######.. #....#...# #.
######..## # #..# ########<.##
+..........# ############


You could see an adder.

Vanquished Creatures
  A worm (D:2)
  2 dart slugs (D:1)
  2 leopard geckos (D:1)
  3 giant cockroaches
  6 goblins
  4 hobgoblins (D:1)
  3 bats (D:1)
  A frilled lizard (D:1)
  7 kobolds
  2 rats (D:1)
31 creatures vanquished.

Notes
Turn   | Place    | Note
-------+----------+-------------------------------------------
     0 | D:1      | Starchild the Kobold Arcane Marksman began the quest for
                  | the Orb.
     0 | D:1      | Reached XP level 1. HP: 12/12 MP: 2/2
    67 | D:1      | Reached XP level 2. HP: 16/16 MP: 3/3
   697 | D:1      | Reached XP level 3. HP: 14/20 MP: 4/4
   701 | D:1      | Learned a level 2 spell: Slow
   865 | D:1      | Reached skill level 4 in Hexes
  1315 | D:2      | Found a hide-covered altar of Uskayaw.
  1472 | D:2      | Slain by an adder

Skill      XL: |  1  2  3 |
---------------+----------+-----
Hexes          | 4 |  4.1
Crossbows      | 3 |  3.1
Fighting       | |  1.1
Dodging        | |  2.4
Spellcasting   | |  1.1

Action                   || total
-------------------------++-------
Melee: Dagger            ||   211
 Fire: Hand crossbow     ||    33
 Cast: Slow              ||     2
 Stab: Sleeping          ||     1
  Eat: Chunk             ||     3
Armor: Robe              ||    54
Dodge: Dodged            ||   169
